 Dungeon Crawl Stone Soup version 0.29-a0-620-g13ace881f2 (webtiles) character file.

Game seed: 2322077551748060695

5 greenreed the Caller (level 1, 0/13 HPs)
             Began as a Gnoll Summoner on June 18, 2022.
             Slain by a kobold
             ... wielding a +0 short sword
              (2 damage)
             ... on level 1 of the Dungeon.
             The game lasted 00:01:49 (1062 turns).

greenreed the Caller (Gnoll Summoner)               Turns: 1062, Time: 00:01:49

Health: 0/13       AC:  3    Str:  7    XL:     1   Next: 80%
Magic:  2/6        EV: 13    Int: 14    God:
Gold:   42         SH:  0    Dex: 12    Spells: 8/9 levels left

rFire   . . .      SeeInvis .   d - staff of conjuration
rCold   . . .      Faith    .   (no shield)
rNeg    . . .      Spirit   .   a - +0 robe
rPois   .          Reflect  .   (no helmet)
rElec   .          Harm     .   (no cloak)
rCorr   .          Rampage  .   c - +0 pair of gloves
Will    .....                   (no boots)
Stlth   ++........              (no amulet)
HPRegen 0.04/turn               (no ring)
MPRegen 0.10/turn               (no ring)

@: very slightly contaminated
A: fangs 1, strong nose, distributed training
a: no special abilities


You were on level 1 of the Dungeon.
You visited 1 branch of the dungeon, and saw 2 of its levels.

You collected 42 gold pieces.

Inventory:

Armour
 a - a +0 robe (worn)
 c - a +0 pair of gloves (worn)
Magical Staves
 d - a staff of conjuration (weapon)
Potions
 b - a potion of magic
 e - a potion of resistance {unknown}


   Skills:
 + Level 0.1 Fighting
 + Level 0.1 Short Blades
 + Level 0.1 Long Blades
 + Level 0.1 Axes
 + Level 0.1 Maces & Flails
 + Level 0.1 Polearms
 + Level 0.1 Staves
 + Level 0.1 Slings
 + Level 0.1 Bows
 + Level 0.1 Crossbows
 + Level 0.1 Throwing
 + Level 0.1 Armour
 + Level 4.4 Dodging
 + Level 4.0 Stealth
 + Level 0.1 Shields
 + Level 0.1 Unarmed Combat
 + Level 4.9 Spellcasting
 + Level 0.1 Conjurations
 + Level 0.1 Hexes
 + Level 7.0 Summonings
 + Level 0.1 Necromancy
 + Level 0.1 Translocations
 + Level 0.1 Transmutations
 + Level 0.1 Fire Magic
 + Level 0.1 Ice Magic
 + Level 0.1 Air Magic
 + Level 0.1 Earth Magic
 + Level 0.1 Poison Magic
 + Level 0.2 Invocations
 + Level 0.1 Evocations


You had 8 spell levels left.
You knew the following spells:

 Your Spells              Type           Power      Damage    Failure   Level
a - Summon Small Mammal   Summ           92%        N/A       1%          1

Your spell library contained the following spells:

 Spells                   Type           Power      Damage    Failure   Level
 Call Imp                 Summ           23%        N/A       1%          2
 Call Canine Familiar     Summ           23%        N/A       3%          3
 Summon Guardian Golem    Hex/Summ       13%        N/A       12%         3
 Summon Lightning Spire   Summ/Air       13%        N/A       38%         4


Dungeon Overview and Level Annotations

Branches:
Dungeon (2/15)

Altars:


Innate Abilities, Weirdness & Mutations

You have very sharp teeth.
Your uncanny sense of smell can sniff out nearby items.
Your experience applies equally to all skills.


Message History

Attack!
The adder closely misses your quokka.
Your quokka closely misses the adder.
The kobold throws a stone.
The stone barely misses you. The adder closely misses your quokka.
Your quokka closely misses the adder.
You barely miss the kobold.
The adder bites your quokka but does no damage.
Your quokka misses the adder. The adder closely misses your quokka.
Your quokka bites the adder.
The kobold hits you with a +0 short sword.
You barely miss the kobold. The adder bites your quokka.
Your quokka misses the adder.
The kobold hits you with a +0 short sword.
The adder barely misses your quokka.
Your quokka misses the adder.
The kobold hits you with a +0 short sword.
* * * LOW HITPOINT WARNING * * *
The adder bites your quokka.
Your quokka dies!
Your quokka's corpse disappears in a puff of smoke!
You climb upwards.
Your summoned ally is left behind.
There is a stone staircase leading down here.
Casting: Summon Small Mammal (safe; 1% risk of failure)
Confirm with . or Enter, or press ? or * to list all spells.
The kobold completely misses you.
You swap places.
The kobold hits you with a +0 short sword.
* * * LOW HITPOINT WARNING * * *
Your quokka closely misses the kobold.
Casting: Summon Small Mammal (safe; 1% risk of failure)
Confirm with . or Enter, or press ? or * to list all spells.
You miscast Summon Small Mammal.
You are very lightly contaminated with residual magic.
Nothing appears to happen.
The kobold misses you.
Your quokka closely misses the kobold.
Unknown command.
Casting: Summon Small Mammal (safe; 1% risk of failure)
Confirm with . or Enter, or press ? or * to list all spells.
Your quokka misses the kobold.
The kobold hits you with a +0 short sword.
You die...

###########
#.........#
####.........######
...'.........'r.@r#
####.........####K#
####.........# #.#
...'[........# #.#
####...####### #.#
#..........# #.#
#..........# #.#
#..........# #.#
#..........######.#


You could see a kobold (ally target) and 2 friendly quokkas.

Vanquished Creatures (collateral kills)
  2 goblins (D:1)
  2 ball pythons (D:1)
  A bat (D:1)
  2 rats (D:1)
7 creatures vanquished.

Notes
Turn   | Place    | Note
-------+----------+-------------------------------------------
     0 | D:1      | greenreed the Gnoll Summoner began the quest for the Orb.
     0 | D:1      | Reached XP level 1. HP: 13/13 MP: 6/6
   563 | D:1      | Found a faded altar of an unknown god.
  1062 | D:1      | Slain by a kobold

Illustrated notes

Levels and vault maps discovered:
D:1:      evilmike_arrival_hilbert_curve, layout_basic,
          nicolae_ecumenical_lake_church
D:2:      layout_loops_cross

Action                   || total
-------------------------++-------
Melee: Unarmed           ||     3
       Staff             ||     2
 Cast: Summon Small Mamm ||    14
Dodge: Dodged            ||     7

Table legend: (Time is in decaauts)
 A = Elapsed time spent in this place.
 B = Non-inter-level travel time spent in this place.
 C = Inter-level travel time spent in this place.
 D = Time resting spent in this place.
 E = Time spent auto-exploring this place.
 F = Levels seen in this place.
 G = Mean time per level.
                   A        B        C        D        E       F      G
               +--------+--------+--------+--------+--------+-----+--------+
         Total |   1066 |   1017 |     49 |      0 |    936 |   2 |  533.0 |
       Dungeon |   1066 |   1017 |     49 |      0 |    936 |   2 |  533.0 |
               +--------+--------+--------+--------+--------+-----+--------+

Top non-repeatable levels by time:
     D:1: 1057 daAuts
     D:2: 9 daAuts
